Map: Deathaura LE

Players

ByuN

  • Race: Terran Terran
  • Spawn Location: 5:00

Zest - Winner!

  • Race: Protoss Protoss
  • Spawn Location: 11:00

VOD

Have the link to the VOD?

Description

Time

  • Played on: Oct. 20, 2020, 2:52 a.m.
  • Length: 6:08
Show
View Real Time Build Order
Export as new Build Order

ByuN Terran 

Build Orders:  

Get SALT Encoding   

  12  0:00  SCV  
  13  0:12  SCV  
  14  0:16  Supply Depot  
  14  0:24  SCV  
  15  0:38  SCV, Barracks  
  16  0:43  Refinery  
  16  0:50  SCV  
  17  1:02  SCV  
  18  1:14  SCV  
  19  1:25  Barracks Reactor  
  19  1:26  Orbital Command  
  19  1:38  Command Center  
  19  1:45  Supply Depot  
  19  1:52  SCV  
  20  2:02  Marine x2  
  20  2:06  Factory  
  20  2:07  SCV  
  23  2:19  SCV  
  23  2:20  Marine x2  
  26  2:32  SCV  
  26  2:33  Refinery  
  27  2:38  Marine x2  
  27  2:44  SCV  
  30  2:50  Starport  
  30  2:51  Orbital Command  
  30  2:56  SCV  
  31  3:00  Hellion  
  31  3:01  Hellion  
  31  3:03  Barracks Tech Lab  
  35  3:08  SCV  
  36  3:20  SCV x2  
  36  3:22  Hellion x2  
  36  3:25  Supply Depot  
  42  3:32  SCV x2  
  44  3:34  Raven, Barracks Tech Lab  
  46  3:47  SCV x2  
  42  3:59  SCV x2  
  42  4:04  Marine x2  
  42  4:11  Cyclone  
  42  4:13  SCV x2  
  47  4:17  Supply Depot  
  47  4:23  Bunker, Marine  
  48  4:25  SCV x2, Marine  
  51  4:34  Supply Depot  
  51  4:37  SCV x2  
  53  4:43  Siege Tank  
  56  4:49  SCV x2  
  58  4:53  Marine x2  
  60  5:00  Liberator  
  60  5:01  SCV x2  
  60  5:05  Command Center  
  65  5:12  Refinery, Marine  
  65  5:13  SCV x2, Marine  
  69  5:18  Supply Depot  
  63  5:24  Siege Tank  
  63  5:25  SCV  
  63  5:26  SCV  
  66  5:30  Marine  
  66  5:35  Barracks  
  67  5:38  SCV x2  
  67  5:39  Barracks  
  67  5:41  Supply Depot  
  69  5:45  Starport Reactor  
  69  5:50  SCV x2  
  69  5:56  Refinery  
Show
View Real Time Build Order
Export as new Build Order

Zest Protoss - Winner!

Build Orders: 1 Gate Expand, Oracle Opening 

Get SALT Encoding   

  12  0:00  Probe  
  13  0:12  Probe  
  14  0:17  Pylon  
  14  0:24  Probe (Chrono Boost)  
  15  0:36  Probe (Chrono Boost), Gateway  
  16  0:44  Probe (Chrono Boost)  
  16  0:45  Assimilator  
  17  0:51  Probe  
  18  1:03  Probe  
  19  1:15  Probe  
  20  1:22  Nexus  
  20  1:32  Cybernetics Core  
  20  1:35  Probe  
  21  1:40  Assimilator  
  21  1:47  Probe  
  21  1:51  Pylon  
  22  1:59  Probe  
  23  2:06  Stalker (Chrono Boost)  
  23  2:11  Probe  
  26  2:15  Stargate  
  26  2:23  Probe, Warp Gate  
  27  2:31  Stalker  
  27  2:34  Probe (Chrono Boost)  
  31  2:40  Probe (Chrono Boost)  
  32  2:46  Probe (Chrono Boost)  
  32  2:50  Probe (Chrono Boost)  
  32  2:51  Probe (Chrono Boost)  
  33  2:54  Pylon  
  33  2:57  Oracle (Chrono Boost)  
  34  3:01  Probe  
  34  3:03  Probe  
  39  3:09  Stalker  
  41  3:14  Probe  
  41  3:15  Probe  
  41  3:18  Shield Battery  
  43  3:28  Probe x2  
  43  3:32  Twilight Council  
  45  3:40  Gateway x2  
  45  3:43  Probe x2  
  47  3:55  Probe x2  
  49  4:03  Blink (Chrono Boost)  
  49  4:07  Probe  
  49  4:08  Probe  
  51  4:10  Assimilator  
  51  4:11  Pylon  
  51  4:14  Stalker  
  51  4:16  Pylon  
  53  4:20  Probe x2  
  54  4:30  Nexus  
  54  4:36  Stalker  
  54  4:37  Stalker x2  
  60  4:41  Pylon  
  60  4:46  Pylon  
  60  4:48  Probe x2  
  62  5:00  Stalker x3  
  62  5:01  Probe (Chrono Boost)  
  62  5:02  Probe (Chrono Boost)  
  70  5:07  Forge  
  70  5:12  Probe (Chrono Boost)  
  70  5:13  Probe (Chrono Boost)  
  72  5:21  Probe  
  72  5:23  Stalker x2  
  72  5:24  Stalker  
  72  5:27  Probe  
  80  5:32  Pylon  
  80  5:35  Probe (Chrono Boost)  
  81  5:40  Robotics Facility  
  83  5:42  Probe (Chrono Boost)  
  83  5:43  Probe (Chrono Boost)  
  84  5:51  Probe (Chrono Boost)  
  84  5:52  Probe (Chrono Boost), Assimilator  
  84  5:54  Probe (Chrono Boost), Assimilator  
Tags
 
Add a new tag
Caveats
  • Supply blocks, unpowered buildings, or Contaminate may cause inaccurate times.
  • Supply counts are checked every 10 seconds.